Map: Dash and Terminal LE (Void)

Players

wabbajack

  • Race: Zerg Zerg
  • League: Gold

Howl - Winner!

  • Race: Protoss Protoss
  • League: Bronze

VOD

Have the link to the VOD?

Description

Time

  • Played on: July 22, 2015, 3:22 a.m.
  • Length: 2:53
Show
View Real Time Build Order
Export as new Build Order

wabbajack Zerg 

Build Orders: Hatch First 

Get SALT Encoding   

  12  0:01  Drone  
  13  0:17  Overlord  
  13  0:22  Drone  
  13  0:25  Drone, Extractor  
  15  0:37  Drone  
  15  0:39  Drone  
  17  0:58  Hatchery  
  16  1:06  Extractor  
  15  1:14  Drone x2  
  17  1:24  Drone  
  17  1:25  Spawning Pool  
  17  1:31  Drone  
  18  1:39  Evolution Chamber  
  17  1:42  Drone  
  18  1:48  Drone  
  19  1:59  Drone  
  20  2:11  Queen  
  22  2:21  Zergling x2  
  22  2:22  Zergling x4  
  25  2:28  Zergling x2  
Show
View Real Time Build Order
Export as new Build Order

Howl Protoss - Winner!

Build Orders:  

Get SALT Encoding   

  12  0:01  Probe  
  13  0:16  Pylon  
  13  0:18  Probe  
  14  0:35  Forge  
  14  0:37  Probe  
  15  1:20  Pylon  
  15  1:40  Photon Cannon  
  15  1:56  Photon Cannon  
  15  2:09  Pylon  
  15  2:20  Photon Cannon  
  15  2:31  Photon Cannon x2  
  15  2:34  Photon Cannon  
  15  2:36  Photon Cannon  
  15  2:38  Photon Cannon  
  15  2:51  Photon Cannon  
Tags
 
Add a new tag
Caveats
  • Supply blocks, unpowered buildings, or Contaminate may cause inaccurate times.
  • Supply counts are checked every 10 seconds.